 Dungeon Crawl Stone Soup version 0.14-a0-586-g2535b90 (webtiles) character file.

47 PolkaDot the Sneak (level 2, 0/17 HPs)
             Began as a Vampire Wizard on Nov 3, 2013.
             Succumbed to an adder's poison
             ... on Level 1 of the Dungeon.
             The game lasted 00:02:37 (906 turns).

PolkaDot the Sneak (Vampire Wizard)                  Turns: 906, Time: 00:02:37

HP   0/17        AC  2     Str  6      XL: 2   Next: 65%
MP   0/8         EV 18     Int 25      God:
Gold 26          SH  0     Dex 17      Spells:  1 memorised,  6 levels left

Res.Fire  : . . .   See Invis. : +   (no weapon)
Res.Cold  : . . .   Warding    : .   h - +0 robe (curse)
Life Prot.: + . .   Conserve   : .   (no shield)
Res.Poison: .       Res.Corr.  : .   b - +0 wizard hat
Res.Elec. : .       Clarity    : .   (no cloak)
Sust.Abil.: . .     Spirit.Shd : .   (no gloves)
Res.Mut.  : .       Stasis     : .   (no boots)
Res.Rott. : .       Flight     : .   (no amulet)
Saprovore : . . .                    (no ring)
                                     (no ring)

@: brilliant, agile, mildly poisoned, very slightly contaminated, not resistant
to hostile enchantments, quite stealthy
A: fangs 3, see invisible, unbreathing
a: no special abilities


You were on level 1 of the Dungeon.
You were not thirsty.

You visited 1 branch of the dungeon, and saw 1 of its levels.

You collected 26 gold pieces.

Inventory:

Armour
 b - a +0 wizard hat (worn)
 h - a cursed +0 robe (worn)
Scrolls
 a - a scroll of random uselessness {unknown}
 f - a scroll of identify {unknown}
Books
 c - a book of Minor Magic

   Spells                             Type                      Level
   *Magic Dart                        Conjuration                  1
   Blink                              Translocation                2
   Call Imp                           Summoning                    2
   Repel Missiles                     Charms/Air                   2
   Slow                               Hexes                        2
   Conjure Flame                      Conjuration/Fire             3
   Mephitic Cloud                     Conjuration/Poison/Air       3


   Skills:
 - Level 2.1 Dodging
 - Level 3.0 Stealth
 - Level 3.0 Spellcasting
 * Level 2.0 Conjurations
   Level 1.0 Summonings
   Level 0.7 Translocations


You had 6 spell levels left.
You knew the following spells:

 Your Spells              Type           Power        Failure   Level  Hunger
a - Magic Dart            Conj           ####         1%          1    None


Dungeon Overview and Level Annotations

Branches:
Dungeon (1/27)

Altars:


Innate Abilities, Weirdness & Mutations

You have razor-sharp teeth.
You have supernaturally acute eyesight.
You can survive without breathing.


Message History

Press: ? - help, Shift-Dir - straight line, f/p - adder
Aim: an adder (severely wounded)
The magic dart hits the adder.
The adder is almost dead.
The adder misses you.
You miss the adder.
The adder is almost dead.
The adder barely misses you.
You hit the adder but do no damage.
The adder is almost dead.
The adder misses you. The adder barely misses you.
You closely miss the adder.
The adder is almost dead.
The adder bites you.
* * * LOW HITPOINT WARNING * * *
You are more poisoned.
The adder poisons you!
You barely miss the adder.
The adder is almost dead.
You die...

#.#...#..#.##......#
#.#..###............#
#####
#.##..#..####.......#
#....
.....#.#............#
#.###
.....#.######...#.#.#
#.# .....#.#
#...#.#.#####.###
......#.#
#...............# ...
#.######S#%#?#.#####.#.#
#......@###.. #.#.#
####.#.## #... #.#.#
#..## #..# ###'### #.#.#
..# #e#.#M# #....(# .
###.### #..# #.# #n#.#m#
..). .. ###.### #..#
#q#.#H# ..# ###.###


You could see an adder.

Vanquished Creatures
  4 bats (D:1)
  2 giant cockroaches (D:1)
  4 hobgoblins (D:1)
  4 jackals (D:1)
  A ball python (D:1)
  2 giant newts (D:1)
  A goblin (D:1)
  A rat (D:1)
19 creatures vanquished.

Notes
Turn   | Place    | Note
--------------------------------------------------------------
     0 | D:1      | PolkaDot, the Vampire Wizard, began the quest for the Orb.
     0 | D:1      | Reached XP level 1. HP: 11/11 MP: 6/6
     2 | D:1      | Noticed a demonspawn
     2 | D:1      | Noticed a draconian
     4 | D:1      | Noticed a naga
     6 | D:1      | Noticed a spriggan
     8 | D:1      | Noticed a human
     8 | D:1      | Noticed a centaur
    10 | D:1      | Noticed a demigod
    10 | D:1      | Noticed a vampire
    12 | D:1      | Noticed an octopode
    12 | D:1      | Noticed an ogre
    14 | D:1      | Noticed a tengu
    14 | D:1      | Noticed a felid
    16 | D:1      | Noticed a troll
    18 | D:1      | Noticed a dwarf
    18 | D:1      | Noticed a minotaur
    20 | D:1      | Noticed a ghoul
    20 | D:1      | Noticed a merfolk
    22 | D:1      | Noticed an elf
   124 | D:1      | Reached skill level 1 in Conjurations
   408 | D:1      | Reached XP level 2. HP: 17/17 MP: 1/8
   906 | D:1      | Succumbed to an adder's poison

Action                   || total
-------------------------++-------
Melee: Unarmed           ||    44
 Cast: Magic Dart        ||    51
  Use: Potion            ||     5
 Stab: Sleeping          ||     1
